 Dungeon Crawl Stone Soup version 0.26.0-16-gc1dbca0489 (webtiles) character file.

Game seed: 15564223598724587657

1355 thiole the Sneak (level 8, 0/46 HPs)
             Began as an Octopode Hedge Wizard on Jan 20, 2021.
             Was an Initiate of Gozag.
             Slain by a sky beast (6 damage)
             ... on level 7 of the Dungeon.
             The game lasted 00:19:40 (10031 turns).

thiole the Sneak (Octopode Hedge Wizard)           Turns: 10031, Time: 00:19:41

Health: 0/46       AC:  1    Str: 10    XL:     8   Next: 63%
Magic:  15/25      EV: 13    Int: 18    God:    Gozag
Gold:   670        SH:  0    Dex: 11    Spells: 11/17 levels left

rFire    . . .     SeeInvis .   a - +0 dagger
rCold    . . .     Faith    .   (no shield)
rNeg     + . .     Spirit   .   b - +0 hat
rPois    .         Reflect  .   (no amulet)
rElec    .         Harm     .   f - ring of magical power
rCorr    .         Rampage  .   g - ring of wizardry
Will     .....                  i - ring of flight
Stlth    ++++......             n - ring of wizardry
HPRegen  0.15/turn              k - ring of positive energy
MPRegen  0.19/turn              (no ring)
                                (no ring)
                                (no ring)

@: no status effects
A: almost no armour, stealthy swim, amphibious, 8 rings, constrict 8, camouflage
1, gelatinous body 1
a: Renounce Religion, Evoke Flight, Potion Petition, Call Merchant, Bribe Branch


You were on level 7 of the Dungeon.
You worshipped Gozag.
Gozag was pleased with you.
You visited 2 branches of the dungeon, and saw 8 of its levels.

You collected 794 gold pieces.
You spent 52 gold pieces at shops.
You paid 72 gold pieces to Gozag.

Inventory:

Hand Weapons
 a - a +0 dagger (weapon)
 t - a +2 vampiric hand axe
 w - a +1 vorpal long sword
Armour
 b - a +0 hat (worn)
Jewellery
 f - a ring of magical power (left tentacle)
 g - a ring of wizardry (right tentacle)
 i - a ring of flight (on tentacle)
 k - a ring of positive energy (on tentacle)
 n - a ring of wizardry (on tentacle)
 y - a cursed amulet of inaccuracy {unknown}
Scrolls
 d - 5 scrolls of teleportation
 e - a scroll of remove curse
 h - 2 scrolls of fear {unknown}
 j - a scroll of blinking {unknown}
 m - 8 scrolls of identify {unknown}
 u - 2 scrolls of magic mapping
 v - 2 scrolls of amnesia {unknown}
 x - a scroll of acquirement {unknown}
Potions
 l - a potion of lignification {unknown}
 o - a potion of invisibility
 p - a potion of berserk rage {unknown}
 q - a potion of haste {unknown}
 s - a potion of attraction {unknown}
 z - a potion of mutation {unknown}
 A - a potion of resistance {unknown}


   Skills:
 - Level 2.0 Dodging
 + Level 7.5 Stealth
 + Level 5.4 Spellcasting
 - Level 2.0 Conjurations
 - Level 5.0 Summonings
 - Level 1.0 Translocations
 - Level 5.0 Air Magic


You had 11 spell levels left.
You knew the following spells:

 Your Spells              Type           Power        Failure   Level
a - Magic Dart            Conj           48%          1%          1
b - Call Imp              Summ           22%          1%          2
c - Mephitic Cloud        Conj/Pois/Air  13%          4%          3

Your spell library contained the following spells:

 Spells                   Type           Power        Failure   Level
 Blink                    Tloc           N/A          3%          2
 Slow                     Hex            4%           5%          2
 Conjure Flame            Conj/Fire      8%           7%          3


Dungeon Overview and Level Annotations

Branches:
Dungeon (7/15)             Temple (1/1) D:5

Altars:
Ashenzari
Dithmenos
Elyvilon
Gozag
Hepliaklqana
Makhleb
Okawaru
Qazlal
Ru
Sif Muna
Trog
Uskayaw
Vehumet
Wu Jian
Xom
Yredelemnul
The Shining One

Shops:
D:5 *

Annotations:
D:3 1 runed translucent door, vvl's ghost, amateur DrTm
D:6 2 runed translucent doors, serenereef's ghost, novice PaFi


Innate Abilities, Weirdness & Mutations

You cannot wear most types of armour.
You are very stealthy in the water. (Stealth+)
You are amphibious.
You can wear up to eight rings at the same time.
You can use your tentacles to constrict eight enemies at once.
Your skin changes colour to match your surroundings (Stealth+).
Your rubbery body absorbs attacks. (AC +1, EV +1)


Message History

Your crimson imp barely misses something.
Something hits you.
* * * LOW HITPOINT WARNING * * *
Something shocks you.
* * * LOW HITPOINT WARNING * * *
You feel better.
Your crimson imp barely misses something.
Something hits you.
* * * LOW HITPOINT WARNING * * *
Something shocks you.
* * * LOW HITPOINT WARNING * * *
Hit: a) +0 dagger
Press: ? - help, Dir - move target You miss something.
Your crimson imp closely misses something.
Something hits you.
* * * LOW HITPOINT WARNING * * *
Something shocks you.
You die...
Your body crumbles into a pile of gold.

.......###..
.........##.## $
.........##..#
..........#..#
.............#
.............##
..........###5######
..........# #.{.5..#
..........# ##.@##.##
.........## ####...##
........## ##.....##
........# ###.......###
.......##
###....._.....# #
......#
##...#.......#.# ##
.....#
#....##.....##.## ##.
..###
#.....##...##...#####..
#......##.##.###.......


You could see a friendly iron imp (summoned) and a friendly crimson imp
(summoned).

Vanquished Creatures
  An ogre (D:4)
  A bullfrog (D:6)
  A gnoll sergeant (D:5)
  A howler monkey (D:5)
  3 bullfrog zombies
  3 orc priests
  A gnoll shaman (D:5)
  An orc wizard (D:7)
  2 iguanas
  4 worker ants
  A killer bee zombie (D:7)
  A hound zombie (D:5)
  16 gnolls (D:5)
  7 adders
  A river rat (D:5)
  A shadow imp (D:7)
  2 oozes
  An adder skeleton (D:5)
  4 worms
  2 leopard geckos
  3 orcs
  4 bats
  5 giant cockroaches
  5 goblins
  4 hobgoblins
  19 jackals (D:5)
  8 kobolds
  A quokka (D:3)
  4 ball pythons
  3 frilled lizards
  A quokka skeleton (D:5)
  4 rats
115 creatures vanquished.

Vanquished Creatures (collateral kills)
  An ogre (D:7)
  A big kobold (D:7)
  2 bullfrogs
  2 gnoll shamans (D:5)
  A worker ant (D:6)
  21 gnolls (D:5)
  3 adders (D:5)
  3 river rats (D:5)
  A worm (D:5)
  11 orcs
  3 jackals (D:5)
  2 kobolds (D:7)
  A quokka (D:7)
52 creatures vanquished.

Vanquished Creatures (others)
  2 plants (D:5)
2 creatures vanquished.

Grand Total: 169 creatures vanquished

Notes
Turn   | Place    | Note
-------+----------+-------------------------------------------
     0 | D:1      | thiole the Octopode Hedge Wizard began the quest for the
                  | Orb.
     0 | D:1      | Reached XP level 1. HP: 11/11 MP: 4/4
     0 | D:1      | Noticed a minotaur zombie
   436 | D:1      | Reached XP level 2. HP: 17/17 MP: 0/6
   533 | D:1      | Found a shimmering altar of Xom.
   739 | D:1      | Reached skill level 3 in Stealth
  1269 | D:1      | Reached XP level 3. HP: 21/21 MP: 1/7
  1469 | D:1      | You fall into a shaft and drop 1 floor!
  2357 | D:2      | Found a burning altar of Makhleb.
  2563 | D:3      | Noticed vvl's ghost (amateur DrTm)
  2570 | D:3      | Found a runed translucent door.
  2602 | D:3      | You fall into a shaft and drop 2 floors!
  2602 | D:5      | Entered Level 5 of the Dungeon
  2631 | D:3      | Found a faded altar of an unknown god.
  3210 | D:3      | Reached XP level 4. HP: 22/27 MP: 2/9
  3558 | D:4      | Noticed an ogre
  3648 | D:4      | Killed an ogre
  3649 | D:4      | Reached skill level 5 in Stealth
  3649 | D:4      | Reached XP level 5. HP: 15/31 MP: 5/11
  3809 | D:4      | Learned a level 2 spell: Call Imp
  3813 | D:4      | Learned a level 3 spell: Mephitic Cloud
  4402 | D:4      | Reached skill level 1 in Air Magic
  4532 | D:4      | Reached XP level 6. HP: 32/36 MP: 9/12
  5026 | D:5      | Found Boruddiv's General Store.
  5053 | D:5      | Bought a scroll of magic mapping for 52 gold pieces
  5653 | D:5      | Found a staircase to the Ecumenical Temple.
  5677 | Temple   | Entered the Ecumenical Temple
  5714 | Temple   | Became a worshipper of Gozag Ym Sagoz the Greedy
  5748 | D:5      | Reached XP level 7. HP: 40/41 MP: 11/13
  6114 | D:5      | Reached skill level 6 in Stealth
  7835 | D:5      | Reached XP level 8. HP: 37/46 MP: 15/15
  8581 | D:6      | Reached skill level 5 in Spellcasting
  8772 | D:6      | Reached skill level 5 in Summonings
  8931 | D:6      | Found a large runed translucent door.
  8931 | D:6      | Found a large runed translucent door.
  8931 | D:6      | Noticed serenereef's ghost (novice PaFi)
  9061 | D:6      | Found a shadowy altar of Dithmenos.
  9240 | D:6      | Reached skill level 7 in Stealth
  9634 | D:7      | Reached skill level 5 in Air Magic
  9689 | D:7      | Found a basalt altar of Yredelemnul.
 10031 | D:7      | Slain by a sky beast

Illustrated notes

Levels and vault maps discovered:
D:1:      shiori_arrival_whats_in_store_for_you, layout_loops_ring,
          xom_teletrap_fun
D:2:      layout_loops_corners, serial_glass, glass_columns_b, glass_columns_c,
          glass_columns_b, glass_columns_b, glass_columns_b, glass_columns_b,
          bloody_makhleb
D:3:      layout_basic, hellmonk_ghost_happy_afterlife,
          chequers_ecumenical_altar_grove, grunt_ministairs_8
D:4:      layout_rooms
D:5:      lemuel_castle_with_subvaults [lemuel_castle_interior_carwin_1],
          layout_basic, minmay_temple_entry_waves, serial_shops,
          nicolae_shop_stone, lightli_sewer_entry_pipes
D:6:      layout_basic, ebering_ghost_disaster_area,
          grunt_dithmenos_smoke_and_mirrors
D:7:      layout_cave_pods, lemuel_round_altar, minmay_quadrilaterals
Temple:   compressed_dpeg_triangle_lava_temple

Skill      XL: |  1  2  3  4  5  6  7  8 |
---------------+-------------------------+-----
Stealth        | 3 5 6 7 |  7.5
Summonings     | 2 3 4 5 |  5.0
Conjurations   | 2 |  2.0
Spellcasting   | 4 5 |  5.4
Air Magic      | 1 2 3 5 |  5.0
Dodging        | |  2.0
Translocations | |  1.0

Action                   |  1- 3 |  4- 6 |  7- 9 || total
-------------------------+-------+-------+-------++-------
Melee: Dagger            |    42 |   104 |   141 ||   287
       Constrict         |    12 |    25 |    34 ||    71
       Tentacles         |    11 |    23 |    26 ||    60
 Cast: Magic Dart        |    83 |   101 |   110 ||   294
       Call Imp          |       |    29 |    97 ||   126
  Use: Scroll            |     1 |     3 |       ||     4
       Potion            |       |     3 |     8 ||    11
 Stab: Sleeping          |       |     3 |     1 ||     4
       Distracted        |       |       |     2 ||     2
Armor: Skin              |     2 |     3 |     4 ||     9
Dodge: Dodged            |    23 |    77 |    86 ||   186
